PAA
SAN ANTONIO BC @ ATHLETIC CLUB KC ACADEMY
05/07/2027
 
TOP OF THE 1ST
San Antonio BC batting - Pitching for Athletic Club KC Academy : LHP Daniel Katz
Pitching: LHP Daniel Katz
Batting: LHB Earl Wiley 0-0: Called Strike
0-1: SOLO HOME RUN (Flyball, 9D), Distance : 373 ft
Batting: RHB Freddy Torres 0-0: Ball
1-0: Ball
2-0: Ball
3-0: Called Strike
3-1: Base on Balls
Batting: RHB Abraham Phelps 0-0: Called Strike
0-1: Ball
1-1: Ball
2-1: Ground out U3 (Groundball, 34S)
Freddy Torres to second
Batting: RHB Phil Dougherty 0-0: Swinging Strike
0-1: Foul Ball, location: 2F
0-2: Ball
1-2: Strikes out swinging
Batting: RHB Ismael Sandoval 0-0: Called Strike
0-1: Foul Ball, location: 2F
0-2: Ball
1-2: Ball
2-2: Fly out, F8 (Flyball, 8LD)
Top of the 1st over - 1 run(s), 1 hit(s), 0 error(s), 1 left on base; San Antonio 1 - Athletic Club KC Academy 0
BOTTOM OF THE 1ST
Athletic Club KC Academy batting - Pitching for San Antonio BC : RHP Marc Morgan
Pitching: RHP Marc Morgan
Batting: RHB Richard Younger 0-0: Ball
1-0: Ball
2-0: Called Strike
2-1: Ball
3-1: Swinging Strike
3-2: Base on Balls
Batting: RHB Jesús Vargas 0-0: Ball
1-0: Ball
2-0: Ball
3-0: Base on Balls
Richard Younger to second
Batting: LHB Tony García 0-0: Ball
1-0: Ball
2-0: Called Strike
2-1: Foul Ball, location: 2F
2-2: Grounds into double play, 4-6-3 (Groundball, 4)
Richard Younger to third
Batting: RHB Iván Chacón 0-0: Ball
1-0: Ball
Wild Pitch!
Richard Younger scores
2-0: Ground out 5-3 (Groundball, 56)
Bottom of the 1st over - 1 run(s), 0 hit(s), 0 error(s), 0 left on base; San Antonio 1 - Athletic Club KC Academy 1
TOP OF THE 2ND
San Antonio BC batting - Pitching for Athletic Club KC Academy : LHP Daniel Katz
Batting: LHB Stefan Vanderhoof 0-0: SINGLE (Line Drive, 5L)
Batting: RHB António Pérez 0-0: Ball
1-0: Called Strike
1-1: Called Strike
1-2: Strikes out swinging
Batting: SHB Esteban Borsellino 0-0: Called Strike
0-1: Ball
1-1: Fly out, F8 (Flyball, 8RM)
Batting: RHB Manny Álvarez 0-0: Ball
1-0: Ground out U3 (Groundball, 34)
Top of the 2nd over - 0 run(s), 1 hit(s), 0 error(s), 1 left on base; San Antonio 1 - Athletic Club KC Academy 1
BOTTOM OF THE 2ND
Athletic Club KC Academy batting - Pitching for San Antonio BC : RHP Marc Morgan
Batting: LHB Enrique Miranda 0-0: Called Strike
0-1: Called Strike
0-2: Ball
1-2: Fly out, F7 (Flyball, 7)
Batting: RHB Pedro Solís 0-0: Ball
1-0: Ball
2-0: Ball
3-0: Base on Balls
Batting: RHB Altifício Azor 0-0: Ball
1-0: Called Strike
1-1: Fly out, F9 (Flyball, 89M)
Batting: RHB Ted Stephens 0-0: Called Strike
0-1: Ball
1-1: Ball
2-1: Fielders Choice at 2nd, 6-4 (Groundball, 6)
Bottom of the 2nd over - 0 run(s), 0 hit(s), 0 error(s), 0 left on base; San Antonio 1 - Athletic Club KC Academy 1
TOP OF THE 3RD
San Antonio BC batting - Pitching for Athletic Club KC Academy : LHP Daniel Katz
Batting: LHB Earl Wiley 0-0: Ball
1-0: Swinging Strike
1-1: Ball
2-1: Ball
3-1: DOUBLE (Line Drive, 78M)
Batting: RHB Freddy Torres 0-0: Ball
1-0: Called Strike
1-1: Ground out 6-3 (Groundball, 6)
Earl Wiley to third
Batting: RHB Abraham Phelps 0-0: Fly out, F5 (Line Drive, 56)
Batting: RHB Phil Dougherty 0-0: Ball
1-0: Fly out, F9 (Flyball, 9LS)
Top of the 3rd over - 0 run(s), 1 hit(s), 0 error(s), 1 left on base; San Antonio 1 - Athletic Club KC Academy 1
BOTTOM OF THE 3RD
Athletic Club KC Academy batting - Pitching for San Antonio BC : RHP Marc Morgan
Batting: RHB Nathaniel Gault 0-0: Foul Ball, location: 2F
0-1: Foul Ball, location: 2F
0-2: Ball
1-2: Strikes out looking
Batting: RHB Richard Younger 0-0: Ball
1-0: Ball
2-0: Fly out, F9 (Flyball, 9S)
Batting: RHB Jesús Vargas 0-0: Ball
1-0: Called Strike
1-1: Ground out 6-3 (Groundball, 6M)
Bottom of the 3rd over - 0 run(s), 0 hit(s), 0 error(s), 0 left on base; San Antonio 1 - Athletic Club KC Academy 1
TOP OF THE 4TH
San Antonio BC batting - Pitching for Athletic Club KC Academy : LHP Daniel Katz
Batting: RHB Ismael Sandoval 0-0: Ball
1-0: Ball
2-0: SINGLE (Groundball, 6MD)
Batting: LHB Stefan Vanderhoof 0-0: SINGLE (Groundball, 4MD)
Ismael Sandoval to second
Batting: RHB António Pérez 0-0: Ball
1-0: Ball
2-0: Called Strike
2-1: SINGLE (Groundball, 6MS) (infield hit)
Ismael Sandoval to third
Stefan Vanderhoof to second
Batting: SHB Esteban Borsellino 0-0: Ball
1-0: Swinging Strike
1-1: Ball
Wild Pitch!
Ismael Sandoval scores
Stefan Vanderhoof to third
António Pérez to second
2-1: Ground out 1-3 (Groundball, 13)
Batting: RHB Manny Álvarez 0-0: Ball
1-0: Foul Ball, location: 2F
1-1: Foul Ball, location: 2F
1-2: Ball
2-2: Fly out, F6 (Popup, 56D)
Batting: LHB Earl Wiley 0-0: Ball
1-0: Called Strike
1-1: Ball
2-1: SINGLE (Flyball, 8RS)
Stefan Vanderhoof scores
António Pérez to third
Runner from 3rd tries for Home, SAFE, no throw
Batting: RHB Freddy Torres 0-0: Ball
1-0: Foul Ball, location: 2F
1-1: Fly out, F6 (Popup, 6)
Top of the 4th over - 3 run(s), 4 hit(s), 0 error(s), 1 left on base; San Antonio 4 - Athletic Club KC Academy 1
BOTTOM OF THE 4TH
Athletic Club KC Academy batting - Pitching for San Antonio BC : RHP Marc Morgan
Batting: LHB Tony García 0-0: Called Strike
0-1: Ground out 4-3 (Groundball, 4M)
Batting: RHB Iván Chacón 0-0: Called Strike
0-1: Ball
1-1: Foul Ball, location: 2F
1-2: Ball
2-2: Strikes out swinging
Batting: LHB Enrique Miranda 0-0: Fly out, F9 (Line Drive, 9)
Bottom of the 4th over - 0 run(s), 0 hit(s), 0 error(s), 0 left on base; San Antonio 4 - Athletic Club KC Academy 1
TOP OF THE 5TH
San Antonio BC batting - Pitching for Athletic Club KC Academy : LHP Daniel Katz
Batting: RHB Abraham Phelps 0-0: Foul Ball, location: 2F
0-1: Ball
1-1: Foul Ball, location: 2F
1-2: Strikes out swinging
Batting: RHB Phil Dougherty 0-0: Foul Ball, location: 2F
0-1: Swinging Strike
0-2: Ball
1-2: DOUBLE (Flyball, 89D)
Batting: RHB Ismael Sandoval 0-0: Ball
1-0: Ball
2-0: Called Strike
2-1: Swinging Strike
2-2: Ground out 6-3 (Groundball, 56)
Batting: LHB Stefan Vanderhoof 0-0: Ball
1-0: Foul Ball, location: 2F
1-1: Fly out, F6 (Line Drive, 56D)
Top of the 5th over - 0 run(s), 1 hit(s), 0 error(s), 1 left on base; San Antonio 4 - Athletic Club KC Academy 1
BOTTOM OF THE 5TH
Athletic Club KC Academy batting - Pitching for San Antonio BC : RHP Marc Morgan
Batting: RHB Pedro Solís 0-0: Called Strike
0-1: Fly out, F7 (Flyball, 78M)
Batting: RHB Altifício Azor 0-0: SINGLE (Groundball, 6MD)
Batting: RHB Ted Stephens 0-0: Ball
1-0: Ball
2-0: Ball
3-0: Base on Balls
Altifício Azor to second
Batting: RHB Nathaniel Gault 0-0: Ball
1-0: Ball
2-0: Fly out, F5 (Line Drive, 5S)
Batting: RHB Richard Younger 0-0: Foul Ball, location: 2F
0-1: Fly out, F7 (Flyball, 7S)
Bottom of the 5th over - 0 run(s), 1 hit(s), 0 error(s), 2 left on base; San Antonio 4 - Athletic Club KC Academy 1
TOP OF THE 6TH
San Antonio BC batting - Pitching for Athletic Club KC Academy : LHP Daniel Katz
Batting: RHB António Pérez 0-0: Ground out 6-3 (Groundball, 56)
Batting: SHB Esteban Borsellino 0-0: Foul Ball, location: 2F
0-1: Ball
1-1: Ball
2-1: Called Strike
2-2: SINGLE (Line Drive, 78M)
Pitching: RHP Dempster Kelly
Batting: RHB Manny Álvarez 0-0: Ball
1-0: Called Strike
Esteban Borsellino is caught stealing 2nd base
1-1: Ball
2-1: Swinging Strike
2-2: Ball
3-2: Ground out 6-3 (Groundball, 6)
Top of the 6th over - 0 run(s), 1 hit(s), 0 error(s), 0 left on base; San Antonio 4 - Athletic Club KC Academy 1
BOTTOM OF THE 6TH
Athletic Club KC Academy batting - Pitching for San Antonio BC : RHP Marc Morgan
Batting: RHB Jesús Vargas 0-0: SOLO HOME RUN (Flyball, 7D), Distance : 389 ft
Batting: LHB Tony García 0-0: SINGLE (Line Drive, 9S)
Batting: RHB Iván Chacón 0-0: Ball
1-0: Fly out, F6 (Popup, 56D)
Batting: LHB Enrique Miranda 0-0: Called Strike
0-1: Ball
1-1: Swinging Strike
1-2: DOUBLE (Line Drive, 9)
Tony García to third
Runner from 3rd tries for Home, SAFE, throw made at trailing runner, OUT at third!
Batting: RHB Pedro Solís 0-0: Ground out 5-3 (Groundball, 56S)
Bottom of the 6th over - 2 run(s), 3 hit(s), 0 error(s), 0 left on base; San Antonio 4 - Athletic Club KC Academy 3
TOP OF THE 7TH
San Antonio BC batting - Pitching for Athletic Club KC Academy : RHP Dempster Kelly
Batting: LHB Earl Wiley 0-0: Ball
1-0: Ball
2-0: Ball
3-0: Base on Balls
Pinch Hitting: LHB Dawit Lihalakha 0-0: Called Strike
0-1: Bunted foul
0-2: Ball
1-2: Fly out, F8 (Line Drive, 8LXD)
Batting: RHB Abraham Phelps 0-0: Called Strike
Earl Wiley steals 2nd base
0-1: SINGLE (Groundball, 34D)
Earl Wiley to third
Runner from 3rd tries for Home, SAFE, no throw
Batting: RHB Phil Dougherty 0-0: Ball
1-0: Grounds into double play, 5-4-3 (Groundball, 56)
Top of the 7th over - 1 run(s), 1 hit(s), 0 error(s), 0 left on base; San Antonio 5 - Athletic Club KC Academy 3
BOTTOM OF THE 7TH
Athletic Club KC Academy batting - Pitching for San Antonio BC : RHP Marc Morgan
Now at SS: George Zeek
Batting: RHB Altifício Azor 0-0: Foul Ball, location: 2F
0-1: SOLO HOME RUN (Flyball, 7D), Distance : 385 ft
Batting: RHB Ted Stephens 0-0: Ball
1-0: Foul Ball, location: 2F
1-1: Fly out, F7 (Flyball, 7S)
Batting: RHB Nathaniel Gault 0-0: Ball
1-0: Ball
2-0: Ball
3-0: Called Strike
3-1: Ground out 1-3 (Groundball, 13)
Batting: RHB Richard Younger 0-0: Ball
1-0: Ball
2-0: Ball
3-0: Called Strike
3-1: Ground out 5-3 (Groundball, 5)
Bottom of the 7th over - 1 run(s), 1 hit(s), 0 error(s), 0 left on base; San Antonio 5 - Athletic Club KC Academy 4
TOP OF THE 8TH
San Antonio BC batting - Pitching for Athletic Club KC Academy : RHP Dempster Kelly
Batting: RHB Ismael Sandoval 0-0: Ball
1-0: Called Strike
1-1: Called Strike
1-2: Foul Ball, location: 2F
1-2: Ball
2-2: Foul Ball, location: 2F
2-2: Ball
3-2: Base on Balls
Batting: LHB Stefan Vanderhoof 0-0: Ball
1-0: Bunted foul
1-1: Sac Bunt - play at first, batter OUT! 2-4
Ismael Sandoval to second
Batting: RHB António Pérez 0-0: Swinging Strike
0-1: Ball
1-1: Fly out, F8 (Flyball, 8RD)
Runner from 2nd tags up, OUT at 3rd
Top of the 8th over - 0 run(s), 0 hit(s), 0 error(s), 0 left on base; San Antonio 5 - Athletic Club KC Academy 4
BOTTOM OF THE 8TH
Athletic Club KC Academy batting - Pitching for San Antonio BC : RHP Marc Morgan
Batting: RHB Jesús Vargas 0-0: Ball
1-0: Called Strike
1-1: Ball
2-1: Fly out, F9 (Flyball, 9S)
Batting: LHB Tony García 0-0: Ball
1-0: Fly out, F8 (Flyball, 8RM)
Batting: RHB Iván Chacón 0-0: Ball
1-0: Foul Ball, location: 2F
1-1: Ball
2-1: Ball
3-1: Fly out, F7 (Flyball, 7)
Bottom of the 8th over - 0 run(s), 0 hit(s), 0 error(s), 0 left on base; San Antonio 5 - Athletic Club KC Academy 4
TOP OF THE 9TH
San Antonio BC batting - Pitching for Athletic Club KC Academy : RHP Dempster Kelly
Pitching: RHP Greg Patterson
Batting: SHB Esteban Borsellino 0-0: Ball
1-0: Ball
2-0: Called Strike
2-1: Ball
3-1: Base on Balls
Pinch Hitting: SHB Anastasio Delgadilo 0-0: Bunted foul
0-1: Bunted foul
0-2: Ball
1-2: Strikes out swinging
Batting: LHB Earl Wiley 0-0: Ball
Esteban Borsellino steals 2nd base
1-0: SINGLE (Groundball, 56) (infield hit)
Esteban Borsellino to third
Pinch Hitting: LHB Miguel García 0-0: Fly out, F7 (Flyball, 7LS)
Batting: RHB Abraham Phelps 0-0: Ground out 6-3 (Groundball, 56)
Top of the 9th over - 0 run(s), 1 hit(s), 0 error(s), 2 left on base; San Antonio 5 - Athletic Club KC Academy 4
BOTTOM OF THE 9TH
Athletic Club KC Academy batting - Pitching for San Antonio BC : RHP Marc Morgan
Pitching: RHP Ángel Pérez
Now at 2B: Anastasio Delgadilo
Now in RF: Miguel García
Pinch Hitting: SHB Sang-your Yu 0-0: Ball
1-0: Ball
2-0: Foul Ball, location: 2F
2-1: Ground out U3 (Groundball, 2R)
Pinch Hitting: RHB Jim Unknown 0-0: Called Strike
0-1: Ball
1-1: Ball
2-1: Ball
3-1: Called Strike
3-2: Fly out, F5 (Line Drive, 56)
Batting: RHB Altifício Azor 0-0: Called Strike
0-1: Swinging Strike
0-2: Ball
1-2: Foul Ball, location: 2F
1-2: Foul Ball, location: 2F
1-2: Foul Ball, location: 2F
1-2: Ball
2-2: Ground out 6-3 (Groundball, 6)
Bottom of the 9th over - 0 run(s), 0 hit(s), 0 error(s), 0 left on base; San Antonio 5 - Athletic Club KC Academy 4
Saturday, May 26th, 2018 - OOTP Baseball 17.12 Build 75